 Dungeon Crawl Stone Soup version 0.24.0-123-gd5b16e6ec5 (webtiles) character file.

Game seed: 10295967893307864880, levelgen mode: deterministic

0 glosham the Skirmisher (level 1, -11/18 HPs)
             Began as a Mummy Abyssal Knight on Jan 15, 2020.
             Was a Follower of Lugonu.
             Mangled by a shadow (25 damage)
             ... summoned by a worldbinder
             ... on level 1 of the Abyss.
             The game lasted 00:01:17 (63 turns).

glosham the Skirmisher (Mummy Abyssal Knight)         Turns: 63, Time: 00:01:18

Health: -11/18     AC:  3    Str: 15    XL:     1   Next: 0%
Magic:  2/2        EV: 11    Int: 11    God:    Lugonu [*.....]
Gold:   0          SH:  0    Dex: 11    Spells: 0/0 levels left

rFire    x . .     SeeInvis .   a - +1 spear
rCold    + . .     Gourm    .   (no shield)
rNeg     + + +     Faith    .   b - +0 leather armour
rPois    ∞         Spirit   .   (no helmet)
rElec    .         Reflect  .   (no cloak)
rCorr    .         Harm     .   (no gloves)
MR       .....                  (no boots)
Stlth    +.........             (no amulet)
HPRegen  0.06/turn              (no ring)
MPRegen  0.08/turn              (no ring)

@: no status effects
A: no food or potions, fire vulnerability, cold resistance 1, negative energy
resistance 3, torment resistance, unbreathing
a: Depart the Abyss, Renounce Religion


You were on level 1 of the Abyss.
You worshipped Lugonu.
Lugonu was aware of your devotion.
You were not hungry.

You visited 0 branches of the dungeon, and saw 0 of its levels.
You visited the Abyss 1 time.

Inventory:

Hand Weapons
 a - a +1 spear (weapon)
Armour
 b - a +0 leather armour (worn)
 d - a +0 cloak


   Skills:
 - Level 3.0 Fighting
 - Level 1.5 Polearms
 - Level 1.5 Armour
 - Level 0.7 Dodging
 * Level 0.0 Spellcasting
 - Level 1.5 Invocations


You couldn't memorise any spells.
You didn't know any spells.
Your spell library was empty.

Dungeon Overview and Level Annotations

Branches:
Dungeon (0/15)

Altars:


Innate Abilities, Weirdness & Mutations

You do not eat or drink.
Your flesh is vulnerable to fire.
You are immune to poison.
Your flesh is cold resistant. (rC+)
You are immune to negative energy. (rN+++)
You are immune to unholy pain and torment.
You can survive without breathing.


Message History

Welcome, glosham the Mummy Abyssal Knight.
The bosom of this dungeon contains the fabled artefact, the Orb of Zot.
Lugonu says: Depart the Abyss and spread corruption, my servant! (use the ability menu to exit the Abyss) Press ? for a list of commands and other information.
Found a corrupted altar of Lugonu.
Found a gateway leading out of the Abyss.
There is a gateway leading out of the Abyss here.
Found a white potion.
Found a scroll labeled CAUTILEOKK.
Found a snail-covered altar of Cheibriados.
You see here a scroll labeled CAUTILEOKK.
c - a scroll labeled CAUTILEOKK
Found 11 gold pieces.
Found a cloak.
A worldbinder comes into view.
A tentacled starspawn comes into view.
A tentacle flies out from the starspawn's body!
The worldbinder barely misses you. The worldbinder hits you.
A starspawn tentacle comes into view.
The worldbinder calls forth creatures from the Crypt! x2
You see here a cloak.
d - a cloak The wraith disappears in a puff of smoke!
The shadow slips into darkness.
The shadow flickers and vanishes!
As you read the scroll labeled CAUTILEOKK, it crumbles to dust.
It is a scroll of identify.
d - a +0 cloak The worldbinder hits you but does no damage.
The worldbinder closely misses you.
The shadow strikes at you from the darkness!
Ouch! That really hurt!
You die...

# #.#.....#.....#...
## .. ... ..........
. . .#
#................. #.
.# .................
#.#.# #.....#..
..#...
....###...###...###..
#..#.....#.....#...
#.{................
#.@xW.......... ..
##.W...............
#.#.....#.....#..
#.###..$### ..###..
## #.....#.....# ..
.......... ...
#............ .
#........ ...


You could see a worldbinder and 2 wraiths.

Vanquished Creatures (others)
  2 starspawn tentacles (Abyss:1)
2 creatures vanquished.

Notes
Turn   | Place    | Note
-------+----------+-------------------------------------------
     0 | Abyss:1  | glosham the Mummy Abyssal Knight began the quest for the
                  | Orb.
     0 | Abyss:1  | Reached XP level 1. HP: 18/18 MP: 2/2
    37 | Abyss:1  | Found a snail-covered altar of Cheibriados.
    42 | Abyss:1  | Found a snail-covered altar of Cheibriados.
    55 | Abyss:1  | Noticed a worldbinder
    58 | Abyss:1  | Noticed a tentacled starspawn
    62 | Abyss:1  | Noticed a wraith
    62 | Abyss:1  | Noticed a wraith
    62 | Abyss:1  | Noticed a shadow
    62 | Abyss:1  | Noticed a wraith
    63 | Abyss:1  | Mangled by a shadow

Levels and vault maps discovered:
Abyss:1

Action                   || total
-------------------------++-------
  Use: Scroll            ||     1
Armor: Leather armour    ||     1
Dodge: Dodged            ||     2

Table legend:
 A = Turns spent in this place as a percentage of turns spent in the entire game.
 B = Non-inter-level travel turns spent in this place as a percentage of non-inter-level travel turns spent in the entire game.
 C = Inter-level travel turns spent in this place as a percentage of turns spent in this place.
 D = Turns resting spent in this place as a percentage of non-inter-level travel turns spent in this place.
 E = Turns spent auto-exploring this place as a percentage of non-inter-level travel turns spent in this place.
 F = Non-inter-level travel turns spent in this place divided by the number of levels of this place that you've seen.
                   A       B       C       D       E      F
               +-------+-------+-------+-------+-------+----------------------
         Total | 100.0 | 100.0 |   0.0 |   0.0 |   0.0 |  63.0
         Abyss | 100.0 | 100.0 |   0.0 |   0.0 |   0.0 |  63.0
               +-------+-------+-------+-------+-------+----------------------

Levels and vault maps discovered:
Abyss:1
